 Dungeon Crawl Stone Soup version 0.29.1-1-gd02db6906a (webtiles) character file.

Game seed: 4656278463114361310

6004 holycorn the Carver (level 10, -3/88 HPs)
             Began as a Minotaur Berserker on Sept 20, 2022.
             Was an Elder of Trog.
             Killed from afar by Erica (24 damage)
             ... with a bolt of poison
             ... on level 10 of the Dungeon.
             The game lasted 00:26:09 (8938 turns).

holycorn the Carver (Minotaur Berserker)            Turns: 8938, Time: 00:26:12

Health: -3/88      AC: 13    Str: 26    XL:     10   Next: 56%
Magic:  9/9        EV:  6    Int:  4    God:    Trog [****..]
Gold:   1133       SH: 13    Dex: 13    Spells: 9/9 levels left

rFire   . . .      SeeInvis +   L - +3 war axe (vorpal)
rCold   . . .      Faith    .   c - +2 kite shield
rNeg    . . .      Spirit   .   I - +1 plate armour of Prudence {Harm rElec rCorr Dex-3}
rPois   .          Reflect  .   (helmet restricted)
rElec   +          Harm     +   (no cloak)
rCorr   +          Rampage  .   j - +0 pair of gloves
Will    ++...                   (no boots)
Stlth   ..........              (no amulet)
HPRegen 1.24/turn               i - +6 ring of dexterity
MPRegen 0.11/turn               r - ring of see invisible

@: lethally poisoned (-3 -> -11), strong-willed, regenerating
A: horns 2, retaliatory headbutt
a: Renounce Religion, Berserk, Trog's Hand, Brothers in Arms


You were on level 10 of the Dungeon.
You worshipped Trog.
Trog was greatly pleased with you.
You visited 1 branch of the dungeon, and saw 10 of its levels.
You also visited: Bailey.

You collected 1133 gold pieces.

Inventory:

Hand Weapons
 a - a +0 hand axe
 t - a +2 long sword of draining
 K - a +3 battleaxe
 L - a +3 vorpal war axe (weapon)
Missiles
 k - 2 throwing nets
Armour
 c - a +2 kite shield (worn)
 f - a +0 chain mail
 j - a +0 pair of gloves (worn)
 s - the +5 ring mail "Forget-Me-Not" {Dex+4}
   (You found it on level 3 of the Dungeon)

   Dex:       It affects your dexterity (+4).
 I - the +1 plate armour of Prudence (worn) {Harm rElec rCorr Dex-3}
   (You took it off a kobold in a bailey)

   Dex:       It affects your dexterity (-3).
   rElec:     It insulates you from electricity.
   rCorr:     It protects you from acid and corrosion.
   Harm:      It increases damage dealt and taken.
Jewellery
 i - a +6 ring of dexterity (left hand)
 r - a ring of see invisible (right hand)
Wands
 v - a wand of polymorph (13) (quivered)
 E - a wand of flame (49)
 M - a wand of iceblast (3)
Scrolls
 b - a scroll of teleportation {unknown}
 d - 2 scrolls of vulnerability {unknown}
 g - 3 scrolls of butterflies
 h - 4 scrolls of identify
 l - a scroll of brand weapon {unknown}
 p - 2 scrolls of enchant weapon
 u - 3 scrolls of enchant armour
 w - 3 scrolls of immolation
 x - 5 scrolls of blinking
 y - a scroll of magic mapping {unknown}
 B - 3 scrolls of noise {unknown}
 D - a scroll of torment {unknown}
Potions
 e - 6 potions of curing
 m - 5 potions of heal wounds
 n - 3 potions of might
 o - a potion of mutation {unknown}
 q - 3 potions of berserk rage
 z - 3 potions of attraction
 A - a potion of lignification {unknown}
 C - a potion of haste {unknown}
 F - 4 potions of ambrosia {unknown}
 G - a potion of degeneration {unknown}
 N - a potion of flight {unknown}
Miscellaneous
 H - a condenser vane
 J - a phial of floods


   Skills:
 + Level 7.9 Fighting
 - Level 12.7 Long Blades
 * Level 6.5 Axes
 - Level 2.4 Armour
 - Level 2.1 Dodging
 + Level 10.9 Shields


You had 9 spell levels left.
You didn't know any spells.
Your spell library was empty.

Dungeon Overview and Level Annotations

Branches:
Dungeon (10/15)            Temple (0/1) D:4          Bailey (visited)
   Lair: D:8-11         Orc: D:9-12

Altars:
Ashenzari
Fedhas
Kikubaaqudgha
Makhleb
Nemelex Xobeh
Qazlal
Ru
Sif Muna
Trog
Uskayaw
Vehumet
Zin
The Shining One

Annotations:
D:6 exclusion: statue
D:9 exclusion: orange crystal statue
D:10 Erica


Innate Abilities, Weirdness & Mutations

You have a pair of horns on your head.
You reflexively headbutt those who attack you in melee.


Message History

You see here 14 gold pieces.
Erica attacks as you move away! Erica hits you but does no damage.
Erica says, "Fast and perfect.
Such is my way of killing."
You hit Erica.
Erica is lightly wounded.
Erica barely misses you.
Erica says, "Fast and perfect.
Such is my way of killing."
Erica points at you and mumbles some strange words.
You resist with significant effort.
Found 6 javelins.
Erica barely misses you.
You barely miss Erica.
Erica is lightly wounded.
Erica hits you but does no damage.
You feel less confused. Erica gestures at you while chanting.
The bolt of poison hits you!!
You are poisoned.
You feel very sick.
Erica hits you with a +2 scimitar of flaming.
Erica burns you.
You barely miss Erica. Your headbutt misses Erica.
Erica is lightly wounded.
You feel very sick.
Erica hits you with a +2 scimitar of flaming!
Erica burns you.
* * * LOW HITPOINT WARNING * * *
You hit Erica. Your headbutt misses Erica.
Erica is lightly wounded.
You feel very sick. Erica casts a spell at you.
You resist with significant effort. Erica hits you but does no damage.
Your skin crawls.
You feel strong-willed. Trog will no longer gift you weapons.
You feel sick.
Erica points at you and mumbles some strange words.
The bolt of poison hits you!!
You are more poisoned.
You die...

. ###... #..##
.. ##.. #..##
... #..####...#
.... ##.##....##
.#... #......#.#
......#......#.#
#.!.........#
###..$......#...
#....@@........
###............
#............
................
................
................
................
.............(..
...............


You could see Erica.

Vanquished Creatures
  Pikel (D:4)
  An orc knight (Bailey)
  Maggie (D:6)
  A wraith (D:9)
  A wyvern (D:8)
  2 steam dragons (D:7)
  2 water moccasins
  2 ice beasts
  6 orc warriors
  2 black bears
  3 ogres
  A lemure (D:4)
  3 phantoms
  Blork the orc (D:6)
  11 kobold brigands
  2 necrophages
  4 bullfrogs
  2 scorpions
  7 wights (D:8)
  3 killer bees (D:8)
  7 howler monkeys
  4 jellies
  2 orc priests
  A hound (D:7)
  2 iguanas
  6 orc wizards
  6 adders
  2 shadow imps
  2 white imps
  4 dart slugs
  28 orcs
  12 endoplasms
  A giant cockroach (D:4)
  7 hobgoblins
  6 jackals
  3 quokkas
  8 ball pythons
  5 bats
  9 goblins
  37 kobolds
  4 rats
212 creatures vanquished.

Vanquished Creatures (others)
  25 fungi
  6 toadstools (D:4)
31 creatures vanquished.

Grand Total: 243 creatures vanquished

Notes
Turn   | Place    | Note
-------+----------+-------------------------------------------
     0 | D:1      | holycorn the Minotaur Berserker began the quest for the
                  | Orb.
     0 | D:1      | Reached XP level 1. HP: 19/19 MP: 0/0
   116 | D:1      | Found a faded altar of an unknown god.
   499 | D:1      | Reached XP level 2. HP: 27/27 MP: 1/1
   617 | D:1      | Reached skill level 1 in Shields
  1618 | D:3      | Identified the +5 ring mail "Forget-Me-Not" {Dex+4}
  1640 | D:3      | Reached XP level 3. HP: 29/33 MP: 2/2
  1640 | D:3      | Reached ** piety under Trog
  1645 | D:3      | Reached XP level 4. HP: 37/41 MP: 3/3
  1810 | D:3      | Reached skill level 5 in Axes
  2551 | D:4      | Reached XP level 5. HP: 45/47 MP: 4/4
  2638 | D:4      | Reached skill level 1 in Long Blades
  2656 | D:4      | Noticed a lemure
  2657 | D:4      | Noticed a lemure
  2658 | D:4      | Noticed Pikel
  2658 | D:4      | Noticed a lemure
  2661 | D:4      | Noticed a lemure
  2667 | D:4      | Killed a lemure
  2679 | D:4      | Killed Pikel
  2680 | D:4      | Reached skill level 5 in Fighting
  2680 | D:4      | Reached skill level 5 in Long Blades
  2680 | D:4      | Reached skill level 5 in Shields
  2680 | D:4      | Reached XP level 6. HP: 27/56 MP: 5/5
  2680 | D:4      | Reached XP level 7. HP: 29/61 MP: 6/6
  2937 | D:4      | Found a staircase to the Ecumenical Temple.
  3139 | D:4      | Reached skill level 6 in Long Blades
  3412 | D:4      | Reached *** piety under Trog
  3788 | D:5      | Entered Level 5 of the Dungeon
  3798 | D:5      | Reached skill level 7 in Long Blades
  3804 | D:5      | Reached XP level 8. HP: 65/70 MP: 7/7
  4000 | D:5      | Reached skill level 8 in Long Blades
  4553 | D:6      | Reached skill level 9 in Long Blades
  4858 | D:6      | Noticed Blork the orc
  4865 | D:6      | Killed Blork the orc
  4868 | D:6      | Reached XP level 9. HP: 71/75 MP: 8/8
  4950 | D:6      | Reached skill level 10 in Long Blades
  5000 | D:6      | Found a glowing golden altar of the Shining One.
  5012 | D:6      | Reached **** piety under Trog
  5030 | D:6      | Found an ancient bone altar of Kikubaaqudgha.
  5030 | D:6      | Found a sacrificial altar of Ru.
  5060 | D:6      | Found a radiant altar of Vehumet.
  5121 | D:6      | Noticed Maggie
  5127 | D:6      | Killed Maggie
  5483 | D:7      | Reached skill level 11 in Long Blades
  5994 | D:7      | Found a broken altar of Ashenzari.
  6056 | D:7      | Found a flagged portal.
  6083 | Bailey   | Entered a bailey
  6211 | Bailey   | Noticed an orc knight
  6231 | Bailey   | Killed an orc knight
  6232 | Bailey   | Reached skill level 12 in Long Blades
  6634 | Bailey   | Identified the +1 plate armour of Prudence {Harm rElec
                  | rCorr Dex-3}
  6640 | Bailey   | Reached XP level 10. HP: 86/86 MP: 9/9
  6654 | Bailey   | Reached skill level 10 in Shields
  6904 | Bailey   | Found a bloodstained altar of Trog.
  7931 | D:8      | Found a stormy altar of Qazlal.
  8137 | D:8      | Found a blossoming altar of Fedhas.
  8140 | D:8      | Found a bloodstained altar of Trog.
  8146 | D:8      | Found a hide-covered altar of Uskayaw.
  8194 | D:8      | Found a burning altar of Makhleb.
  8198 | D:8      | Found a glowing silver altar of Zin.
  8202 | D:8      | Found a sparkling altar of Nemelex Xobeh.
  8235 | D:8      | Found a shimmering blue altar of Sif Muna.
  8521 | D:9      | Reached ***** piety under Trog
  8862 | D:9      | Noticed an orange crystal statue
  8882 | D:10     | Entered Level 10 of the Dungeon
  8922 | D:10     | Noticed Erica
  8938 | D:10     | Killed from afar by Erica

Illustrated notes

Levels and vault maps discovered:
D:1:      lemuel_arrival_river_ford, layout_basic, ebering_ecumenical_altar_webs
D:2:      layout_basic
D:3:      layout_loops_corners, kennysheep_cluttered_room, supply_closet_lemuel,
          kennysheep_generic_room_14
D:4:      cheibrodos_fertilizer, layout_basic, minmay_temple_entry_statues,
          uniq_pikel
D:5:      layout_loops_cross, hangedman_decor_clover_reticule
D:6:      layout_rooms, vehumet_statue, grunt_temple_overflow_open,
          serial_aquarium, aquarium_bridge_long_joined
          [aquarium_subvault_window, aquarium_subvault_wall,
          aquarium_subvault_wall, aquarium_subvault_balcony,
          aquarium_subvault_window, aquarium_subvault_bridge],
          aquarium_bridge_straight [aquarium_subvault_bridge,
          aquarium_subvault_balcony, aquarium_subvault_bridge,
          aquarium_subvault_window], aquarium_window_corner, aquarium_window_1,
          aquarium_view_2c, aquarium_balcony_5b, item_on_display_a,
          uniq_blork_the_orc, uniq_maggie
D:7:      layout_loops_corners, mainiacjoe_overflow_alcove_4, enter_bailey_5
D:8:      layout_cave_pools, mainiacjoe_overflow_surrounded_room,
          mainiacjoe_overflow_brackets, nicolae_overflow_hallway_of_the_gods
D:9:      layout_layer_cave, erik_lair_orcish_takeover, serial_shops, shop,
          nicolae_shop_statue_plus, st_stairs_6, amethyst_killhole,
          nicolae_benzene_ring, minmay_statue_bubble
D:10:     layout_cave_pools, uniq_erica

Skill      XL: |  1  2  3  4  5  6  7  8  9 10 |
---------------+-------------------------------+-----
Fighting       | 4 5 6 7 |  7.9
Axes           | 4 5 6 |  6.5
Shields        | 1 2 3 5 6 7 9 10 | 10.9
Long Blades    | 5 7 9 12 | 12.7
Armour         | |  2.4
Dodging        | |  2.1

Action                   |  1- 3 |  4- 6 |  7- 9 | 10-12 || total
-------------------------+-------+-------+-------+-------++-------
Melee: Hand axe          |    59 |     6 |       |       ||    65
       Headbutt          |     8 |    10 |    40 |    23 ||    81
       Long sword        |       |    47 |   250 |    67 ||   364
       War axe           |       |       |       |    75 ||    75
Invok: Berserk           |       |     1 |     2 |       ||     3
       Trog's Hand       |       |       |     1 |     1 ||     2
  Use: Scroll            |       |     3 |     3 |     5 ||    11
       Potion            |       |       |       |     1 ||     1
Armor: Chain mail        |    19 |       |       |       ||    19
       Ring mail         |     5 |    16 |    75 |     1 ||    97
       Plate armour      |       |       |       |    49 ||    49
Dodge: Dodged            |    10 |    17 |    88 |    33 ||   148
Block: Kite shield       |    32 |    34 |   204 |   101 ||   371
